Map: New Gettysburg LE

Players

PsyRex - Winner!

  • Race: Zerg Zerg
  • League: Diamond

Kira

  • Race: Protoss Protoss
  • League: Diamond

VOD

Have the link to the VOD?

Description

Time

  • Played on: July 31, 2016, 9:12 p.m.
  • Length: 5:49
Show
View Real Time Build Order
Export as new Build Order

PsyRex Zerg - Winner!

Build Orders: Pool First 

Get SALT Encoding   

  12  0:01  Drone  
  13  0:13  Overlord  
  13  0:20  Drone  
  14  0:32  Drone x2  
  17  0:35  Drone  
  17  1:07  Spawning Pool  
  17  1:08  Drone x2  
  17  1:09  Drone  
  19  1:19  Extractor  
  19  1:20  Drone  
  19  1:33  Drone  
  20  1:43  Hatchery  
  19  1:48  Overlord  
  19  1:51  Drone  
  20  1:58  Extractor  
  19  2:03  Zergling x2  
  19  2:06  Queen  
  22  2:13  Zergling x2  
  23  2:24  Drone  
  23  2:25  Metabolic Boost  
  24  2:36  Drone  
  25  2:47  Roach Warren  
  24  2:53  Drone  
  24  2:57  Drone  
  26  3:00  Queen  
  26  3:04  Zergling x2  
  29  3:11  Zergling x2  
  30  3:14  Overlord  
  30  3:16  Zergling x2  
  30  3:17  Zergling x2  
  32  3:27  Roach x2  
  32  3:32  Overlord  
  36  3:42  Queen  
  36  3:43  Roach  
  36  3:46  Zergling x2  
  41  3:53  Ravager x2  
  45  3:55  Roach  
  45  3:59  Roach  
  47  4:13  Roach  
  47  4:14  Roach  
  47  4:15  Zergling x2  
  51  4:18  Ravager  
  52  4:24  Overlord  
  52  4:28  Overlord  
  49  4:47  Zergling x6  
  49  4:50  Zergling x6  
  52  5:01  Zergling x6  
  51  5:08  Zergling x4  
  52  5:16  Zergling x2  
  53  5:23  Zergling x4  
  53  5:28  Zergling x2  
Show
View Real Time Build Order
Export as new Build Order

Kira Protoss 

Build Orders:  

Get SALT Encoding   

  12  0:01  Probe (Chrono Boost)  
  13  0:11  Probe (Chrono Boost)  
  14  0:22  Probe (Chrono Boost)  
  14  0:25  Pylon  
  15  0:43  Probe (Chrono Boost)  
  16  0:53  Probe (Chrono Boost)  
  17  0:57  Pylon  
  17  1:10  Nexus  
  17  1:20  Gateway  
  17  1:29  Probe (Chrono Boost)  
  18  1:44  Probe (Chrono Boost)  
  19  1:47  Gateway  
  19  1:51  Assimilator  
  19  1:52  Assimilator  
  19  1:54  Probe (Chrono Boost)  
  20  2:06  Probe (Chrono Boost)  
  21  2:12  Cybernetics Core  
  21  2:13  Zealot  
  23  2:19  Probe (Chrono Boost)  
  24  2:32  Gateway  
  24  2:41  Probe (Chrono Boost)  
  24  2:42  Probe (Chrono Boost)  
  24  2:44  Warp Gate  
  26  2:52  Probe (Chrono Boost)  
  26  2:53  Mothership Core (Chrono Boost)  
  29  3:02  Probe (Chrono Boost)  
  30  3:11  Probe (Chrono Boost)  
  31  3:13  Probe (Chrono Boost)  
  31  3:15  Stargate  
  32  3:22  Probe (Chrono Boost)  
  32  3:23  Pylon  
  33  3:32  Stalker  
  33  3:33  Stalker  
  37  3:37  Probe (Chrono Boost)  
  37  3:41  Probe (Chrono Boost)  
  39  3:45  Stalker  
  41  3:59  Pylon  
  41  4:12  Void Ray  
  45  4:20  Adept x2  
  45  4:22  Zealot  
  45  4:23  Probe (Chrono Boost)  
  53  4:25  Probe (Chrono Boost)  
  45  4:59  Pylon  
  41  5:05  Stalker x2  
  41  5:07  Mothership Core (Chrono Boost), Zealot  
  34  5:36  Zealot x2  
Tags
 
Add a new tag
Caveats
  • Supply blocks, unpowered buildings, or Contaminate may cause inaccurate times.
  • Supply counts are checked every 10 seconds.